AoeStats
← woodyshaack

Lombardia

510218057Analyzed
4v4 RM · 2d ago on Sep 30, 2026· 15m 42s· 8 players
Game mode
Random Map
Map size
Large (8 player)
Population
200
Speed
Normal
Resources
Standard
Victory
Conquest
Starting age
Dark Age
Ending age
Imperial Age
RankedLock teamsTeams togetherTeam positionsShared explorationLock speedFull tech treeHidden civsTurbo modeCheats
Victory
Defeat
🇵🇪 Saracens · Peru
1484
+14
🇦🇷 Ethiopians · Argentina
1478
+14
🇦🇷 Slavs · Argentina
1433
+16
🇲🇽 Hindustanis · Mexico
1371
+19
🇺🇸 Italians · United States
1458
-17
🇲🇽 Mongols · Mexico
1447
-16
🇦🇷 Hindustanis · Argentina
1422
-15
🇲🇽 Britons · Mexico
1415
-15
Nachom
5:51 Loom
11:29 Feudal Age
15:50 Castle Age
14:03 Double-Bit Axe
14:03 Horse Collar
14:48 Gold Mining
FiveQuill1
10:45 Feudal Age
11:12 Double-Bit Axe
14:56 Castle Age
13:13 Double-Bit Axe
ferbon98
11:48 Feudal Age
12:20 Loom
trollano
11:10 Feudal Age
13:14 Loom
16:13 Castle Age
Elconque2k
6:37 Loom
9:05 Feudal Age
IA (versión en CD)
6:44 Loom
9:24 Feudal Age
10:59 Fletching
ZEAN430
6:42 Loom
9:48 Feudal Age
10:27 Double-Bit Axe
12:57 Fletching
13:07 Padded Archer Armor
woodyshaack
5:56 Loom
9:10 Feudal Age
9:59 Double-Bit Axe
9:55 Horse Collar
Connection lost

Rejoining the realm…

Still unreachable

The connection could not be restored.

Session expired

The server has moved on; the page needs a fresh start.